 Dungeon Crawl Stone Soup version 0.22-a0-299-g43f9854 (webtiles) character file.

67 inmateoo the Sneak (level 3, -2/21 (25) HPs)
             Began as a Vampire Air Elementalist on Mar 25, 2018.
             Was an Initiate of Cheibriados.
             Slain by an orc
             ... wielding a +0 flail
              (6 damage)
             ... on level 3 of the Dungeon.
             The game lasted 00:03:57 (2046 turns).

inmateoo the Sneak (Vampire Air Elementalist)       Turns: 2046, Time: 00:03:58

HP:   -2/21 (25)    AC:  2    Str:  5 (8)  XL:     3   Next: 98%
MP:   1/6           EV: 13    Int: 17 (19) God:    Cheibriados [......]
Gold: 117           SH:  0    Dex: 14 (15) Spells: 0/6 levels left

rFire    . . .     SeeInvis +   k - +0 dagger
rCold    . . .     Gourm    .   (no shield)
rNeg     + . .     Faith    .   a - +0 robe
rPois    .         Spirit   .   (no helmet)
rElec    .         Reflect  .   (no cloak)
rCorr    .         Harm     .   (no gloves)
MR       .....                  (no boots)
Stlth    +++.......             (no amulet)
HPRegen  0.07/turn              (no ring)
MPRegen  0.10/turn              (no ring)

@: very slow
A: fangs 3, talons 1, see invisible, deterioration 1, unbreathing
a: Bat Form, Bend Time, Renounce Religion


You were on level 3 of the Dungeon.
You worshipped Cheibriados.
Cheibriados was noncommittal.
You were not thirsty.

You visited 1 branch of the dungeon, and saw 3 of its levels.

You collected 117 gold pieces.

Inventory:

Hand Weapons
 k - a +0 dagger (weapon)
Armour
 a - a +0 robe (worn)
 n - a +0 leather armour
Jewellery
 g - an uncursed ring of fire
Scrolls
 b - a scroll of fear {unknown}
 d - a scroll of enchant armour {unknown}
 e - a scroll of enchant weapon {unknown}
 f - 4 scrolls of teleportation {unknown}
 h - a scroll of magic mapping {unknown}
 j - a scroll of random uselessness {unknown}
 l - 2 scrolls of fog {unknown}
Potions
 c - 2 potions of blood
 i - a potion of curing {unknown}
 m - a potion of brilliance {unknown}


   Skills:
 + Level 0.9 Fighting
 * Level 3.0 Dodging
 * Level 4.2 Stealth
 - Level 2.3 Spellcasting
 - Level 0.9 Conjurations
 - Level 3.3 Air Magic


You couldn't memorise any spells.
You knew the following spells:

 Your Spells              Type           Power        Failure   Level  Hunger
a - Shock                 Conj/Air       #...         8%          1    #......
b - Swiftness             Chrm/Air       #.......     14%         2    ###....
c - Static Discharge      Conj/Air       #.......     22%         3    ###....


Dungeon Overview and Level Annotations

Branches:
Dungeon (3/15)

Altars:
Cheibriados
Fedhas
Okawaru
Trog
Zin


Innate Abilities, Weirdness & Mutations

You have razor-sharp teeth.
You have supernaturally acute eyesight. (SInv)
You can survive without breathing.
You have sharp toenails.
Your body sometimes deteriorates upon taking damage.


Message History

Confirm with . or Enter, or press ? or * to list all spells.
Aiming: Shock (safe; 7% risk of failure)
Press: ? - help, Shift-Dir - straight line, f - orc
Aim: an orc, wielding a flail The zap misses the orc.
The orc hits you but does no damage. The orc hits you with a flail.
The orc hits you with a flail!
Ouch! That really hurt!
* * * LOW HITPOINT WARNING * * *
Your body deteriorates!
You feel dopey.
Casting: Shock (safe; 8% risk of failure)
Confirm with . or Enter, or press ? or * to list all spells.
Aiming: Shock (safe; 8% risk of failure)
Press: ? - help, Shift-Dir - straight line, f/p - orc
Aim: an orc, wielding a flail The zap hits the orc.
The orc is moderately wounded.
The orc closely misses you. The orc hits you with a flail.
You die...

#8.8# ##.## ##.## #8.8#
# ##.## # .....
#8##8##.##8##8# .....
............... ....#
#8##8##o##8##8# ....## #
##@##### ..... #8.8#..
....# ##.##..### ....###
#.##....# ..<...#
##.##.##.# ....#.#
#8.8#.##.#
..###.##########.##.##.#
..
#)##......##'##.##.###
.#
#.##.#.........>.....#


You could see an orc.

Vanquished Creatures
  2 adders
  An ooze (D:1)
  A worm (D:3)
  A dart slug (D:1)
  4 giant cockroaches (D:1)
  5 goblins
  A hobgoblin (D:1)
  2 jackals (D:3)
  A quokka (D:2)
  A ball python (D:1)
  4 bats
  4 frilled lizards
  6 kobolds
  8 rats
41 creatures vanquished.

Notes
Turn   | Place    | Note
-------+----------+-------------------------------------------
     0 | D:1      | inmateoo the Vampire Air Elementalist began the quest for the Orb.
     0 | D:1      | Reached XP level 1. HP: 13/13 MP: 3/3
   153 | D:1      | Reached XP level 2. HP: 11/19 MP: 0/5
   212 | D:1      | Learned a level 2 spell: Swiftness
   935 | D:2      | Reached XP level 3. HP: 25/25 MP: 2/6
   940 | D:2      | Learned a level 3 spell: Static Discharge
   972 | D:2      | Gained mutation: Your body sometimes deteriorates upon taking damage. [potion of mutation]
   972 | D:2      | Gained mutation: You have sharp toenails. [potion of mutation]
  1374 | D:2      | Found a faded altar of an unknown god.
  1374 | D:2      | Found a snail-covered altar of Cheibriados.
  1379 | D:2      | Found a blossoming altar of Fedhas.
  1381 | D:2      | Found a faded altar of an unknown god.
  1382 | D:2      | Found an iron altar of Okawaru.
  1397 | D:2      | Became a worshipper of Trog the Wrathful
  1397 | D:2      | Reached * piety under Trog
  1398 | D:2      | Fell from the grace of Trog
  1407 | D:2      | Became a worshipper of Trog the Wrathful
  1409 | D:2      | Fell from the grace of Trog
  1423 | D:2      | Became a worshipper of Cheibriados the Contemplative
  1495 | D:3      | Found a glowing silver altar of Zin.
  1570 | D:3      | Reached skill level 4 in Stealth
  1573 | D:3      | Found an iron altar of Okawaru.
  2046 | D:3      | Slain by an orc

Vault maps used:
D:1:      nzn_arrival_water_spiral, minivault_11
D:2:      chequers_temple_overflow_minitemple
D:3:      doesnt_xom_only_xom, zin_academy, first_ration, dk_noncrumbling_2,
          okawaru_trees_2, uniq_jessica

Skill      XL: |  1  2  3 |
---------------+----------+-----
Stealth        | 4 |  4.2
Dodging        | 3 |  3.0
Fighting       | |  0.9
Spellcasting   | |  2.3
Conjurations   | |  0.9
Air Magic      | |  3.3

Action                   || total
-------------------------++-------
Melee: Unarmed           ||    32
       Bite              ||     3
       Club              ||    12
       Kick              ||     4
 Cast: Shock             ||    85
Invok: Renounce Religion ||     2
  Use: Potion            ||     7
 Stab: Invisible         ||     1
       Sleeping          ||     1
  Eat: Corpse            ||     3
Armor: Robe              ||    18
       Skin              ||     2
Dodge: Dodged            ||    42

Table legend:
 A = Spawn XP
 B = Non-spawn XP
 C = Spawn XP percentage of total XP
 D = Spawn monster count
 E = Non-spawn monster count
 F = Spawn count percentage of total count
 G = Total turns spent on level
                    A         B        C        D         E        F      G
               +---------+---------+-------+---------+---------+-------+---------
         Total |       0 |      96 |   0.0 |       0 |      41 |   0.0 |  2046
               +---------+---------+-------+---------+---------+-------+---------
           D:1 |       0 |      37 |   0.0 |       0 |      20 |   0.0 |   880
           D:2 |       0 |      25 |   0.0 |       0 |      11 |   0.0 |   615
           D:3 |       0 |      34 |   0.0 |       0 |      10 |   0.0 |   551
               +---------+---------+-------+---------+---------+-------+---------
